 Dungeon Crawl Stone Soup version 0.30-a0-1082-g70414cbcbb (webtiles) character file.

Game seed: 8767856502087767513

308 pokeman the Magician (level 6, 0/34 HPs)
             Began as a Deep Elf Hedge Wizard on Apr 15, 2023.
             Slain by a hobgoblin (3 damage)
             ... on level 4 of the Dungeon.
             The game lasted 00:07:06 (3662 turns).

pokeman the Magician (Deep Elf Hedge Wizard)        Turns: 3662, Time: 00:07:06

Health: 0/34       AC:  2    Str:  7    XL:     6   Next: 16%
Magic:  9/17       EV: 13    Int: 21    God:
Gold:   107        SH:  0    Dex: 14    Spells: 10/18 levels left

rFire   + . .      SeeInvis .    h - +1 dagger (venom)
rCold   . . .      Faith    .    (no shield)
rNeg    . . .      Spirit   .    b - +0 robe
rPois   .          Reflect  .    c - +0 hat
rElec   .          Rampage  .    (no cloak)
rCorr   .                        (no gloves)
Will    .....                    (no boots)
Stlth   ++                       (no amulet)
HPRegen 0.25/turn                a - ring of protection from fire
MPRegen 0.15/turn                (no ring)

@: on blink cooldown
A: no striking features
a: no special abilities


You were on level 4 of the Dungeon.
You visited 1 branch of the dungeon, and saw 4 of its levels.

You collected 146 gold pieces.
You spent 39 gold pieces at shops.

Inventory:

Hand Weapons
 h - a +1 dagger of venom (weapon)
Armour
 b - a +0 robe (worn)
 c - a +0 hat (worn)
Magical Staves
 s - a staff of air
Jewellery
 a - a ring of protection from fire (left hand)
Wands
 g - a wand of charming (10)
 r - a wand of flame (18)
Scrolls
 f - a scroll of enchant armour {unknown}
 i - 2 scrolls of fear {unknown}
 j - a scroll of fog {unknown}
 k - a scroll of torment {unknown}
 l - 2 scrolls of noise {unknown}
 t - a scroll of immolation {unknown}
 u - a scroll of enchant weapon {unknown}
Potions
 d - a potion of magic
 e - a potion of degeneration {unknown}
 m - a potion of flight {unknown}
 n - 2 potions of curing
 o - 2 potions of cancellation {unknown}
 p - 4 potions of heal wounds {unknown}
 q - a potion of brilliance {unknown}
 v - a potion of lignification {unknown}


   Skills:
 + Level 1.0 Fighting
 - Level 1.0 Armour
 - Level 3.0 Dodging
 - Level 3.0 Stealth
 * Level 6.8 Spellcasting
 + Level 3.1 Conjurations
 + Level 1.1 Summonings
 - Level 1.1 Translocations
 - Level 1.3 Air Magic
 - Level 1.0 Poison Magic
 - Level 1.0 Evocations


You had 10 spell levels left.
You knew the following spells:

 Your Spells              Type           Power      Damage    Failure   Level
a - Magic Dart            Conj           80%        1d7       2%          1
b - Mephitic Cloud        Conj/Pois/Air  14%        N/A       13%         3
c - Call Imp              Summ           22%        N/A       9%          2
d - Blink                 Tloc           22%        N/A       9%          2

Your spell library contained the following spells:

 Spells                   Type           Power      Damage    Failure   Level
 Slow                     Hex            28%        N/A       9%          1
 Cigotuvi's Dreadful Rot  Necr/Pois/Air  20%        N/A       10%         2


Dungeon Overview and Level Annotations

Branches:
Dungeon (4/15)
 Temple: D:4-7

Altars:

Shops:
D:3 !

Annotations:
D:4 Pikel


Message History

A lemure comes into view.
A hobgoblin comes into view.
Pikel drinks a potion.
Pikel is healed!
Pikel seems less confused.
The lemure barely misses the lemure.
The lemure is engulfed in noxious fumes.
The lemure appears confused.
The lemure hits the lemure but does no damage.
You hit the lemure but do no damage.
The lemure is poisoned.
The lemure is lightly wounded.
The lemure is engulfed in noxious fumes.
The lemure appears confused.
The lemure hits the lemure.
The lemure barely misses itself.
The lemure is engulfed in noxious fumes.
The lemure appears confused.
You hit Pikel but do no damage.
Pikel is poisoned.
Pikel is lightly wounded.
Pikel hits you with a +1 whip of freezing!
Pikel freezes you. The lemure hits you.
You barely miss Pikel.
Pikel is lightly wounded.
Pikel hits you with a +1 whip of freezing!
* * * LOW HITPOINT WARNING * * *
Pikel freezes you.
* * * LOW HITPOINT WARNING * * *
The lemure hits Pikel but does no damage.
Casting: Mephitic Cloud (quite dangerous; 13% risk of failure)
Confirm with . or Enter, or press ? or * to list all spells.
You blink.
The lemure hits Pikel.
The hobgoblin closely misses you.
Unknown command.
Casting: Blink (safe; 9% risk of failure)
Confirm with . or Enter, or press ? or * to list all spells.
A tiny devil pulls itself out of the air.
The lemure hits the lemure.
The lemure barely misses the lemure.
The hobgoblin closely misses you.
Unknown command.
The lemure barely misses the lemure.
The hobgoblin hits you.
* * * LOW HITPOINT WARNING * * *
Your cerulean imp barely misses the lemure.
The hobgoblin hits you.
You die...

#.....## ....... #
#.....# #. #.....#
..##.....# .......+ # .
#.....# .# .#+####
#.@...######### ..+
......#
##+###g....#...##..##..#
......#
#......K...#.(.#.......
......#
#....5.....#).)#.....
......#
######.5##.##)###..#
.....#
###.###..##.##.###<.##
...<.#
#....#..5.#..........#
...W.#
#....'.55.#..........#
.....#
+....#....#..........#


You could see Pikel (poisoned), 4 lemures, a hobgoblin and a friendly cerulean
imp (summoned).

Vanquished Creatures
  An ogre (D:4)
  Terence (D:3)
  2 adders (D:2)
  8 gnolls (D:2)
  5 dart slugs
  An orc (D:3)
  10 endoplasms
  2 giant cockroaches
  16 goblins
  4 hobgoblins
  7 jackals
  5 kobolds
  A quokka (D:1)
  6 ball pythons
  5 bats (D:1)
  3 frilled lizards
  9 rats
86 creatures vanquished.

Vanquished Creatures (collateral kills)
  A goblin (D:4)
1 creature vanquished.

Grand Total: 87 creatures vanquished

Notes
Turn   | Place    | Note
-------+----------+-------------------------------------------
     0 | D:1      | pokeman the Deep Elf Hedge Wizard began the quest for the
                  | Orb.
     0 | D:1      | Reached XP level 1. HP: 10/10 MP: 7/7
   300 | D:1      | Reached XP level 2. HP: 8/16 MP: 3/9
   869 | D:1      | Reached skill level 5 in Spellcasting
   998 | D:1      | Reached XP level 3. HP: 16/20 MP: 4/11
  1005 | D:1      | Learned a level 3 spell: Mephitic Cloud
  1010 | D:1      | Learned a level 2 spell: Call Imp
  1013 | D:1      | Learned a level 2 spell: Blink
  1601 | D:2      | Reached skill level 1 in Fighting
  1601 | D:2      | Reached skill level 1 in Armour
  1905 | D:2      | Reached XP level 4. HP: 25/25 MP: 6/13
  2138 | D:2      | Reached skill level 6 in Spellcasting
  2138 | D:2      | Reached XP level 5. HP: 29/29 MP: 6/15
  2989 | D:3      | Found Tuol Weu's Distillery.
  3009 | D:3      | Bought a potion of curing for 39 gold pieces
  3091 | D:3      | Noticed Terence
  3106 | D:3      | Killed Terence
  3107 | D:3      | Reached skill level 1 in Evocations
  3477 | D:4      | Noticed a phantom
  3507 | D:4      | Noticed an ogre
  3532 | D:4      | Killed an ogre
  3533 | D:4      | Reached skill level 1 in Air Magic
  3533 | D:4      | Reached skill level 1 in Poison Magic
  3533 | D:4      | Reached XP level 6. HP: 33/34 MP: 5/17
  3636 | D:4      | Noticed Pikel
  3662 | D:4      | Slain by a hobgoblin

Illustrated notes

Levels and vault maps discovered:
D:1:      psy_arrival_whirlpool, layout_loops_ring
D:2:      layout_basic, grunt_ministairs_10
D:3:      layout_loops_ring, serial_shops, nicolae_shop_advertising_works
          [nicolae_subvault_shop_adworks], uniq_terence
D:4:      layout_gridville, minmay_ogre_servants, uniq_menkaure, uniq_pikel,
          uniq_ijyb, uniq_natasha

Skill      XL: |  1  2  3  4  5 |
---------------+----------------+-----
Spellcasting   | 5 6 |  6.8
Fighting       | 1 |  1.0
Armour         | 1 |  1.0
Conjurations   | 2 3 |  3.1
Stealth        | 3 |  3.0
Dodging        | 3 |  3.0
Evocations     | 1 |  1.0
Air Magic      | 1 |  1.3
Poison Magic   | 1 |  1.0
Summonings     | |  1.1
Translocations | |  1.1

Action                     |  1- 3 |  4- 6 || total
---------------------------+-------+-------++-------
  Melee: Dagger            |       |    45 ||    45
         Punch             |       |     1 ||     1
   Cast: Magic Dart        |   122 |    58 ||   180
         Mephitic Cloud    |       |     8 ||     8
         Call Imp          |       |     3 ||     3
         Blink             |       |     1 ||     1
   Stab: Confused          |       |     3 ||     3
 Armour: Robe              |     2 |     5 ||     7
  Dodge: Dodged            |    23 |    19 ||    42

Table legend: (Time is in decaauts)
 A = Elapsed time spent in this place.
 B = Non-inter-level travel time spent in this place.
 C = Inter-level travel time spent in this place.
 D = Time resting spent in this place.
 E = Time spent auto-exploring this place.
 F = Levels seen in this place.
 G = Mean time per level.
                   A        B        C        D        E       F      G
               +--------+--------+--------+--------+--------+-----+--------+
         Total |   3663 |   3541 |    122 |      0 |   3068 |   4 |  915.8 |
       Dungeon |   3663 |   3541 |    122 |      0 |   3068 |   4 |  915.8 |
               +--------+--------+--------+--------+--------+-----+--------+

Top non-repeatable levels by time:
     D:1: 1593 daAuts
     D:3: 974 daAuts
     D:2: 924 daAuts
     D:4: 171 daAuts
